 Dungeon Crawl Stone Soup version 0.31.0-32-g396128a36d (webtiles) character file.

Game seed: 12935679794866865443

157 spaghetti the Trooper (level 5, -1/81 HPs)
             Began as a Naga Chaos Knight on Mar 10, 2024.
             Was a Plaything of Xom.
             Slain by a river rat (5 damage)
             ... on level 3 of the Dungeon.
             The game lasted 00:02:46 (2076 turns).

spaghetti the Trooper (Naga Chaos Knight)           Turns: 2076, Time: 00:02:47

Health: -1/81      AC:  8    Str: 15    XL:     5   Next: 38%
Magic:  5/5        EV:  9    Int: 14    God:    Xom [...*..]
Gold:   46         SH:  0    Dex: 13    Spells: 4/4 levels left

rFire   . . .        a - +0 spear (chaos)
rCold   x . .        (no shield)
rNeg    . . .        b - +2 leather armour
rPois   +            (no helmet)
rElec   .            (no cloak)
rCorr   .            f - +0 pair of fencer's gloves {Riposte Dex+3}
SInv    +            (no barding)
Will    .....        (no amulet) Stlth
                     (no ring)
HPRegen 0.33/turn    (no ring)
MPRegen 0.09/turn

%: no passive effects
@: berserking, attractive, hasted, quick
A: AC +1, large, see invisible, deformed body, poison resistance, slowness 2,
spit poison 1, naga tail 1, iridescent scales 1, no potion heal 1, cold
vulnerability 1, inability to drink after injury 1
a: Spit Poison, Renounce Religion


You were on level 3 of the Dungeon.
You worshipped Xom.
You were a favourite toy of Xom.
You visited 1 branch of the dungeon, and saw 3 of its levels.

You collected 46 gold pieces.

Inventory:

Hand Weapons
 a - a +0 spear of chaos (weapon)
 i - a +1 dagger of venom
Armour
 b - a +2 leather armour (worn)
 f - the +0 pair of fencer's gloves (worn) {Riposte Dex+3}
   (You acquired it on level 2 of the Dungeon)

   Riposte:   It allows the wearer to riposte with melee weapons, swiftly
   retaliating against missed or blocked melee attacks.
   Dex+3:     It affects your dexterity (+3).
Magical Staves
 k - a staff of earth
Scrolls
 c - a scroll of butterflies
 d - 3 scrolls of teleportation {unknown}
 h - 3 scrolls of identify {unknown}
 m - a scroll of noise {unknown}
 n - a scroll of immolation {unknown}
Potions
 e - 2 potions of attraction
 l - a potion of degeneration {unknown}
 o - a potion of curing {unknown}
 p - a potion of might {unknown}
 q - a potion of cancellation {unknown}


   Skills:
 + Level 5.6 Fighting
 - Level 1.5 Short Blades
 - Level 3.0 Polearms
 - Level 1.5 Armour
 - Level 0.7 Dodging


You had 4 spell levels left.
You didn't know any spells.
Your spell library was empty.

Dungeon Overview and Level Annotations

Branches:
Dungeon (3/15)

Altars:

Shops:
D:1 (   D:2 *


Innate Abilities, Weirdness & Mutations

Your serpentine skin is tough. (AC +1)
You have supernaturally acute eyesight. (SInv)
Armour fits poorly on your strangely shaped body.
Your system is resistant to poisons. (rPois)
You cover ground very slowly.
You can spit poison.
You have a snake-like lower body.
You are partially covered in iridescent scales. (AC +2)
Potions are less effective at restoring your health.
You are vulnerable to cold. (rC-)
You occasionally lose the ability to drink potions when taking damage.


Message History

You kill the rat!
The river rat closely misses the giant cockroach.
The river rat bites you but does no damage.
The giant cockroach bites the river rat but does no damage.
The river rat bites you but does no damage.
You hit the river rat but do no damage.
You hear the slow rusting of a drain.
The rat bites the river rat but does no damage.
The river rat bites the rat but does no damage.
The giant cockroach closely misses the river rat.
The river rat barely misses you.
You riposte.
You hit the river rat.
The river rat is heavily wounded.
You hit the river rat.
The river rat looks weaker.
The river rat is heavily wounded.
The river rat bites you!
The rat closely misses the river rat.
The giant cockroach bites the river rat but does no damage.
You hit the river rat but do no damage.
The river rat looks even weaker.
The river rat is heavily wounded.
The river rat barely misses you. The river rat bites you.
The giant cockroach bites the river rat but does no damage.
The river rat bites you!
* * * LOW HITPOINT WARNING * * *
It was a potion of haste.
You feel yourself speed up.
The river rat bites you but does no damage.
The river rat bites you.
* * * LOW HITPOINT WARNING * * *
The giant cockroach bites the river rat but does no damage.
Okay, then.
It was a potion of attraction.
You feel attractive to monsters. The river rat bites you!
* * * LOW HITPOINT WARNING * * *
The river rat bites you but does no damage.
The giant cockroach bites the river rat but does no damage.
The rat is attracted toward you.
It was a potion of berserk rage.
A red film seems to cover your vision as you go berserk!
You feel yourself moving faster!
You feel mighty! The river rat bites you.
You die... "What!?
That's it?"

#....# ..# #....#
##... ########....#
....#. #......#....#
...... #......#....#
#......
#......#....##....~~~
#......#...B#....~~~~
#......#..§rr@#
#......#...#†.r..~~~~
#........###......~~~
#.......####.........
#....................
#......#####....#....
#......# .....#....
########.### #...#.#
... .......†††.#....


You could see a river rat (weak), a giant cockroach, a rat (confused) and a
neutral river rat (fast, strong, frenzied, resistant).

Vanquished Creatures
  Terence (D:2)
  10 adders
  A gnoll (D:2)
  3 ball pythons
  An endoplasm (D:1)
  A giant cockroach (D:2)
  2 goblins (D:2)
  4 hobgoblins
  4 jackals (D:3)
  A kobold (D:2)
  A quokka (D:1)
  6 bats
  4 frilled lizards
  6 rats
45 creatures vanquished.

Vanquished Creatures (collateral kills)
  A ball python (D:3)
  A rat (D:3)
2 creatures vanquished.

Grand Total: 47 creatures vanquished

Notes
Turn   | Place    | Note
-------+----------+-------------------------------------------
     0 | D:1      | spaghetti the Naga Chaos Knight began the quest for the
                  | Orb.
     0 | D:1      | Reached XP level 1. HP: 21/21 MP: 1/1
   300 | D:1      | Found Cylyxam's Weapon Shop.
   303 | D:1      | Reached XP level 2. HP: 26/28 MP: 2/2
   965 | D:2      | XOM: 2-stop teleportation journey
  1028 | D:2      | Reached skill level 4 in Fighting
  1028 | D:2      | Reached skill level 1 in Short Blades
  1028 | D:2      | Reached XP level 3. HP: 36/36 MP: 3/3
  1228 | D:2      | Identified a scroll of acquirement
  1228 | D:2      | Acquired the +0 pair of fencer's gloves {Riposte Dex+3}
  1228 | D:2      | Found the +0 pair of fencer's gloves {Riposte Dex+3}
  1299 | D:2      | Noticed Terence
  1307 | D:2      | XOM: enchant monster (good)
  1310 | D:2      | Killed Terence
  1311 | D:2      | Reached XP level 4. HP: 41/45 MP: 4/4
  1332 | D:2      | Found Ypull's Assorted Antiques.
  1425 | D:2      | XOM: give mutations
  1425 | D:2      | Gained mutation: You are vulnerable to cold. (rC-) [Xom's
                  | mischief]
  1425 | D:2      | Gained mutation: You are partially covered in iridescent
                  | scales. (AC +2) [Xom's mischief]
  1425 | D:2      | Gained mutation: Potions are less effective at restoring
                  | your health. [Xom's mischief]
  1425 | D:2      | Gained mutation: You occasionally lose the ability to drink
                  | potions when taking damage. [Xom's mischief]
  1658 | D:2      | Reached skill level 5 in Fighting
  1719 | D:2      | Reached XP level 5. HP: 51/52 MP: 5/5
  2066 | D:3      | XOM: swap monsters
  2075 | D:3      | HP: 2/54 [river rat (10)]
  2076 | D:3      | Slain by a river rat

Illustrated notes

Levels and vault maps discovered:
D:1:      dpeg_arrival_round_c, layout_basic, serial_shops, shop
D:2:      minmay_inner_zag, layout_basic, serial_shops, nicolae_shop_trees,
          minmay_pentomino_r4, uniq_terence
D:3:      layout_basic, portal_sewer_entry_a, minmay_fractal_squares_diagonal_5

Skill      XL: |  1  2  3  4 |
---------------+-------------+-----
Fighting       | 4 5 |  5.6
Short Blades   | 1 |  1.5
Polearms       | |  3.0
Armour         | |  1.5
Dodging        | |  0.7

Action                     |  1- 3 |  4- 6 || total
---------------------------+-------+-------++-------
  Melee: Spear             |    52 |    94 ||   146
         Dagger            |    49 |       ||    49
Ability: Spit Poison       |     2 |       ||     2
    Use: Scroll            |     4 |       ||     4
         Potion            |       |     3 ||     3
   Stab: Paralysed         |     3 |       ||     3
         Sleeping          |     1 |     1 ||     2
         Distracted        |       |     1 ||     1
         Confused          |       |     1 ||     1
 Armour: Leather armour    |    70 |    76 ||   146
  Dodge: Dodged            |    31 |    59 ||    90
Riposte: Spear             |     1 |    19 ||    20
